 Dungeon Crawl Stone Soup version 0.28-a0-773-g130ae17fe5 (webtiles) character file.

Game seed: 12070761905808420302

2993 ytrimaz the Purveyor of Pain (level 9, -4/53 (57) HPs)
             Began as a Demonspawn Necromancer on Nov 1, 2021.
             Was an Initiate of Kikubaaqudgha.
             Slain by a wight (5 damage)
             ... on level 8 of the Dungeon.
             The game lasted 00:14:26 (10865 turns).

ytrimaz the Purveyor of Pain (DsNe)                Turns: 10865, Time: 00:14:27

HP:   -4/53 (57)    AC: 18    Str:  8    XL:     9   Next: 54%
MP:   21/21         EV: 13    Int: 25    God:    Kikubaaqudgha [......]
Gold: 1549          SH:  4    Dex: 15    Spells: 17/25 levels left

rFire   . . .      SeeInvis .   x - +2 dagger (protect)
rCold   . . .      Faith    .   (no shield)
rNeg    . . .      Spirit   .   w - +0 steam dragon scales
rPois   .          Reflect  .   (no helmet)
rElec   .          Harm     .   (no cloak)
rCorr   .          Rampage  .   (no gloves)
Will    .....                   (no boots)
Stlth   ++........              (no amulet)
HPRegen 0.17/turn               b - +6 ring of intelligence
MPRegen 0.34/turn               (no ring)

@: under a protective aura, drained
A: yellow scales 1, icemail 1, magic regeneration, condensation shield
a: Renounce Religion


You were on level 8 of the Dungeon.
You worshipped Kikubaaqudgha.
Kikubaaqudgha was noncommittal.
You visited 2 branches of the dungeon, and saw 9 of its levels.

You collected 1549 gold pieces.

Inventory:

Hand Weapons
 c - a +2 dagger of venom
 i - a +2 dagger of venom
 r - a +2 dagger of speed
 x - a +2 dagger of protection (weapon)
Missiles
 j - 2 throwing nets
Armour
 k - the +5 ring mail of Juiq {rElec rF++ rC- rCorr}
   (You found it on level 4 of the Dungeon)

   rF:        It greatly protects you from fire.
   rC:        It makes you vulnerable to cold.
   rElec:     It insulates you from electricity.
   rCorr:     It protects you from acid and corrosion.
 q - a +1 robe of cold resistance
 w - +0 steam dragon scales (worn)
Jewellery
 b - a +6 ring of intelligence (left hand)
 y - an amulet of faith
Wands
 l - a wand of acid (15)
 t - a wand of iceblast (9)
 v - a wand of digging (6)
Scrolls
 e - a scroll of blinking
 g - 3 scrolls of teleportation
 h - a scroll of fear
 n - 3 scrolls of fog
 p - a scroll of enchant armour
 u - a scroll of identify
Potions
 a - a potion of magic
 d - 3 potions of cancellation
 f - 2 potions of mutation
 m - a potion of curing
 o - a potion of brilliance
 s - a potion of experience {unknown}
 z - a potion of flight {unknown}


   Skills:
 + Level 4.3 Dodging
 - Level 1.7 Stealth
 + Level 1.9 Shields
 + Level 8.6 Spellcasting
 + Level 10.2 Necromancy


You had 17 spell levels left.
You knew the following spells:

 Your Spells              Type           Power      Damage    Failure   Level
a - Pain                  Necr           100%       1d9       1%          1
b - Vampiric Draining     Necr           58%        2d10      1%          3
c - Animate Dead          Necr           29%        N/A       1%          4

Your spell library contained the following spells:

 Spells                   Type           Power      Damage    Failure   Level
 Animate Skeleton         Necr           100%       N/A       1%          1
 Agony                    Necr           58%        N/A       2%          5
 Ensorcelled Hibernation  Hex/Ice        20%        N/A       9%          2
 Tukima's Dance           Hex            10%        N/A       17%         3


Dungeon Overview and Level Annotations

Branches:
Dungeon (8/15)             Temple (1/1) D:6
   Lair: D:8-11

Altars:
Ashenzari
Cheibriados
Dithmenos
Elyvilon
Fedhas
Gozag
Hepliaklqana
Kikubaaqudgha
Makhleb
Nemelex Xobeh
Okawaru
Qazlal
Ru
Sif Muna
Uskayaw
Vehumet
Wu Jian
Xom
Yredelemnul
The Shining One

Shops:
D:3 [

Annotations:
D:5 2 transporters, Leeroy's ghost, amateur DrTm


Innate Abilities, Weirdness & Mutations

You are partially covered in yellow scales. (AC +2)
A meltable icy envelope protects you from harm. (AC +4)
You regenerate magic rapidly.
A meltable shield of frost defends you. (SH +4)


Message History

You are too injured to fight recklessly!
You are too injured to fight recklessly!
You are too injured to fight recklessly!
You are too injured to fight recklessly!
You are too injured to fight recklessly!
You are too injured to fight recklessly!
You are too injured to fight recklessly!
You are too injured to fight recklessly!
You are too injured to fight recklessly!
You are too injured to fight recklessly!
You are too injured to fight recklessly!
You are too injured to fight recklessly!
You are too injured to fight recklessly!
You are too injured to fight recklessly!
You are too injured to fight recklessly!
You are too injured to fight recklessly!
You are too injured to fight recklessly!
You are too injured to fight recklessly!
You hit the wight but do no damage.
The wight is almost destroyed.
The wight hits you with a +2 battleaxe!
You barely miss the wight.
The wight is almost destroyed.
The wight hits you with a +2 battleaxe!
* * * LOW HITPOINT WARNING * * *
You hit the wight but do no damage.
The wight is almost destroyed.
The wight barely misses you.
You closely miss the wight.
The wight is almost destroyed.
The wight barely misses you.
You hit the wight.
You destroy the wight!
Kikubaaqudgha accepts your kill.
You hit the wight but do no damage.
The wight hits you with a +4 morningstar!
* * * LOW HITPOINT WARNING * * *
You feel drained.
You die...
Kikubaaqudgha rasps: "You have failed me!
Welcome... death!"

####......#
#..........
#.........#
#..##.....#
###########.#.......#
#..$?.......#.#.....#
#.......##......#..##
#......!##..##.##....
####@#####.)......#..
#z## #...##.##....
#..###..##..# ...
##......##.####...
##......#.......>.
#..##.#...........
#.###.#...#####... #z
#....## .. .. #.##.#


You could see a wight.

Vanquished Creatures
  Grinder (D:3)
  Eustachio (D:4)
  A steam dragon (D:7)
  A water moccasin (D:7)
  2 ice beasts
  A black bear (D:4)
  2 necrophages
  2 sky beasts (D:5)
  A centaur (D:8)
  A phantom (D:4)
  A kobold brigand (D:6)
  2 bullfrogs
  2 scorpions
  A water moccasin zombie (D:5)
  A water moccasin skeleton (D:6)
  A wyvern skeleton (D:6)
  A howler monkey (D:4)
  A wight (D:8)
  A bullfrog zombie (D:6)
  A centaur skeleton (D:7)
  2 hounds (D:5)
  4 jellies
  2 orc priests (D:7)
  Crazy Yiuf (D:2)
  Jessica (D:2)
  6 iguanas
  Natasha (thrice) (D:2)
  9 orc wizards
  A killer bee zombie (D:7)
  2 howler monkey skeletons
  4 gnolls (D:3)
  5 adders
  A river rat (D:6)
  A shadow imp (D:6)
  2 white imps
  4 dart slugs
  31 orcs
  3 endoplasms
  7 giant cockroaches
  4 hobgoblins
  9 jackals
  3 quokkas
  8 ball pythons
  8 bats
  5 frilled lizards
  7 goblins
  A jackal skeleton (D:4)
  15 kobolds
  7 rats
181 creatures vanquished.

Vanquished Creatures (others)
  A fungus (D:2)
1 creature vanquished.

Grand Total: 182 creatures vanquished

Notes
Turn   | Place    | Note
-------+----------+-------------------------------------------
     0 | D:1      | ytrimaz the Demonspawn Necromancer began the quest for the
                  | Orb.
     0 | D:1      | Reached XP level 1. HP: 13/13 MP: 3/3
   489 | D:1      | Gained mutation: You are partially covered in yellow
                  | scales. (AC +2) [demonic ancestry]
   489 | D:1      | Reached XP level 2. HP: 17/19 MP: 1/5
   880 | D:1      | Reached skill level 5 in Necromancy
  1077 | D:1      | Reached XP level 3. HP: 15/24 MP: 0/6
  1416 | D:1      | Found a faded altar of an unknown god.
  2228 | D:2      | Noticed Natasha
  2235 | D:2      | Killed Natasha
  2236 | D:2      | Gained mutation: A meltable shield of frost defends you.
                  | (SH +4) [demonic ancestry]
  2236 | D:2      | Reached XP level 4. HP: 7/30 MP: 4/8
  2246 | D:2      | Learned a level 3 spell: Vampiric Draining
  2577 | D:2      | Found a runed translucent door.
  2578 | D:2      | Noticed Crazy Yiuf
  2764 | D:2      | Noticed Jessica
  2769 | D:2      | Killed Jessica
  2785 | D:2      | Noticed Natasha
  2796 | D:2      | Killed Natasha
  2797 | D:2      | Gained mutation: You regenerate magic rapidly. [demonic
                  | ancestry]
  2797 | D:2      | Reached XP level 5. HP: 8/35 MP: 0/10
  3348 | D:2      | Killed Crazy Yiuf
  3446 | D:2      | Noticed Natasha
  3451 | D:2      | Killed Natasha
  3452 | D:2      | Reached skill level 6 in Necromancy
  3511 | D:3      | Found a glowing drain.
  3511 | D:3      | You fall into a shaft and drop 3 floors!
  3511 | D:6      | Noticed an ice beast
  3521 | D:6      | Killed an ice beast
  3522 | D:6      | Reached XP level 6. HP: 29/41 MP: 2/12
  3535 | D:5      | Entered Level 5 of the Dungeon
  3550 | D:4      | Noticed Eustachio
  3563 | D:4      | Killed Eustachio
  3564 | D:4      | Reached skill level 5 in Spellcasting
  3771 | D:4      | Found a broken altar of Ashenzari.
  3831 | D:4      | Gained mutation: A meltable icy envelope protects you from
                  | harm. (AC +4) [demonic ancestry]
  3831 | D:4      | Reached XP level 7. HP: 34/46 MP: 14/14
  3876 | D:4      | Reached skill level 7 in Necromancy
  4046 | D:4      | Found a sand-covered staircase.
  4148 | D:3      | Found Abownoec's Antique Armour Emporium.
  4272 | D:4      | Identified the +5 ring mail of Juiq {rElec rF++ rC- rCorr}
  4951 | D:3      | Noticed Grinder
  4961 | D:3      | Paralysed by Grinder for 6 turns
  4981 | D:3      | Killed Grinder
  5726 | D:4      | Reached XP level 8. HP: 49/52 MP: 13/17
  5749 | D:4      | Found a hide-covered altar of Uskayaw.
  5762 | D:4      | Reached skill level 8 in Necromancy
  6041 | D:5      | Found a transporter.
  6044 | D:5      | Noticed Leeroy's ghost (amateur DrTm)
  6061 | D:5      | Found a transporter.
  6239 | D:5      | HP: 2/52 [something (11)]
  6749 | D:5      | Found a shadowy altar of Dithmenos.
  7376 | D:5      | Reached skill level 1 in Shields
  7508 | D:5      | Reached skill level 9 in Necromancy
  7869 | D:6      | Identified a scroll of acquirement
  7869 | D:6      | Acquired 1107 gold pieces
  8386 | D:6      | HP: 2/52 [bullfrog zombie (3)]
  8945 | D:6      | Reached XP level 9. HP: 52/57 MP: 15/20
  9131 | D:6      | Found a staircase to the Ecumenical Temple.
  9755 | D:7      | Learned a level 4 spell: Animate Dead
 10158 | D:7      | Reached skill level 10 in Necromancy
 10472 | Temple   | Entered the Ecumenical Temple
 10730 | Temple   | Became a worshipper of Kikubaaqudgha
 10865 | D:8      | HP: 1/55 [wight (11)]
 10865 | D:8      | Slain by a wight

Illustrated notes

Levels and vault maps discovered:
D:1:      kilobyte_arrival_exit_the_forest, layout_basic,
          dilly_ecumenical_altar_fadedgnrine
D:2:      layout_loops_ring, uniq_jessica, uniq_natasha, uniq_crazy_yiuf_cottage
D:3:      layout_loops_ring, serial_shops, shop_coins, portal_sewer_entry_a,
          uniq_grinder
D:4:      layout_rooms, mainiacjoe_overflow_catwalk_spiral,
          nicolae_ashenzari_panopticon, nicolae_ossuary_entry_ruins,
          minmay_tree_intersection, uniq_eustachio
D:5:      layout_gridville, nicolae_dithmenos_shadow_blocks,
          gammafunk_ghost_stat_death
D:6:      cheibrodos_thug_alley, layout_loops_ring, temple_fountains,
          minmay_misc_feat_hallway
D:7:      layout_basic
D:8:      layout_rooms, tgw_trog, minivault_1
Temple:   regret_index_temple_sphere_string

Skill      XL: |  1  2  3  4  5  6  7  8  9 |
---------------+----------------------------+-----
Necromancy     | 5 6 7 9 10 | 10.2
Dodging        | 2 3 4 |  4.3
Spellcasting   | 3 4 5 6 7 8 |  8.6
Shields        | 1 |  1.9
Stealth        | |  1.7

Action                   |  1- 3 |  4- 6 |  7- 9 || total
-------------------------+-------+-------+-------++-------
Melee: Short sword       |    33 |       |       ||    33
       Dagger            |       |    80 |   400 ||   480
 Cast: Pain              |    46 |    28 |   197 ||   271
       Vampiric Draining |       |    15 |    23 ||    38
  Use: Scroll            |     6 |     3 |     8 ||    17
       Potion            |       |     4 |     6 ||    10
 Stab: Sleeping          |       |     1 |       ||     1
Armor: Robe              |    11 |     9 |   213 ||   233
       Skin              |       |    16 |     4 ||    20
       Steam dragon scal |       |       |    11 ||    11
Dodge: Dodged            |    39 |    53 |   265 ||   357
Block: Other             |       |    10 |    82 ||    92

Table legend: (Time is in decaauts)
 A = Elapsed time spent in this place.
 B = Non-inter-level travel time spent in this place.
 C = Inter-level travel time spent in this place.
 D = Time resting spent in this place.
 E = Time spent auto-exploring this place.
 F = Levels seen in this place.
 G = Mean time per level.
                   A        B        C        D        E       F      G
               +--------+--------+--------+--------+--------+-----+--------+
         Total |  10829 |  10549 |    280 |   2363 |   6279 |   9 | 1203.2 |
       Dungeon |  10557 |  10296 |    261 |   2363 |   6067 |   8 | 1319.6 |
        Temple |    271 |    252 |     19 |      0 |    212 |   1 |  271.0 |
               +--------+--------+--------+--------+--------+-----+--------+

Top non-repeatable levels by time:
     D:2: 2000 daAuts
     D:6: 1738 daAuts
     D:4: 1545 daAuts
     D:1: 1504 daAuts
     D:5: 1453 daAuts
     D:3: 1288 daAuts
     D:7: 901 daAuts
  Temple: 271 daAuts
     D:8: 123 daAuts
